 Dungeon Crawl Stone Soup version 0.31-a0-986-g5e6e4ef867 (webtiles) character file.

Game seed: 9113263544604171600

12812 quinnr the Zephyrmancer (level 11, -3/71 HPs)
             Began as a Tengu Air Elementalist on Nov 4, 2023.
             Was an Elder of Vehumet.
             Slain by a vampire (4 damage)
             ... on level 12 of the Dungeon.
             The game lasted 00:28:12 (10829 turns).

quinnr the Zephyrmancer (Tengu Air Elementalist)   Turns: 10829, Time: 00:28:15

Health: -3/71      AC:  4    Str:  9    XL:     11   Next: 99%
Magic:  8/23       EV: 17    Int: 23    God:    Vehumet [****..]
Gold:   240        SH:  0    Dex: 13    Spells: 4/24 levels left

rFire   . . .        B - staff of cold {!a}
rCold   + + .        (no shield)
rNeg    . . .        a - +0 robe
rPois   .            (helmet restricted)
rElec   .            v - +0 cloak
rCorr   .            l - +0 pair of gloves
SInv    .            (boots unavailable)
Will    +....        i - amulet of magic regeneration
Stlth   ++           C - ring of protection from cold
HPRegen 0.31/turn    W - ring of willpower
MPRegen 0.58/turn

%: acrobat
@: flying
A: beak, talons 3, evasive flight, acrobatic, clever 1, evolution 1, no potion
heal 1
a: Renounce Religion


You were on level 12 of the Dungeon.
You worshipped Vehumet.
Vehumet was greatly pleased with you.
You visited 2 branches of the dungeon, and saw 13 of its levels.

You collected 752 gold pieces.
You spent 512 gold pieces at shops.


Innate Abilities, Weirdness & Mutations

You have a beak for a mouth.
You have claws for feet.
Your magical flight helps you evade attacks. (EV +4)
You can magically evade attacks while moving or waiting.
Your mind is acute. (Int +4, Str/Dex -1)
You have hidden genetic potential.
Potions are less effective at restoring your health.


   Skills:
 - Level 9.0 Fighting
 + Level 3.5 Dodging
 + Level 4.0 Stealth
 + Level 7.3 Spellcasting
 - Level 6.0 Conjurations
 - Level 6.0 Ice Magic
 - Level 14.0 Air Magic
 - Level 3.0 Poison Magic
 - Level 4.0 Evocations


You had 4 spell levels left.
You knew the following spells:

 Your Spells              Type           Power      Damage    Failure   Level
a - Airstrike             Air            32%        2d(5-21)  1%          4
f - Freezing Cloud        Conj/Ice/Air   32%        6-21      1%          5
i - Swiftness             Air            64%        N/A       1%          3
m - Mephitic Cloud        Conj/Pois/Air  43%        N/A       1%          3
p - Poisonous Vapours     Pois/Air       94%        N/A       1%          2
t - Static Discharge      Conj/Air       100%       3-8/arc   1%          2
z - Shock                 Conj/Air       100%       1d9       1%          1

Your spell library contained the following spells:

 Spells                   Type           Power      Damage    Failure   Level
 Sticky Flame             Conj/Fire      22%        2d4       6%          4
 Foxfire                  Conj/Fire      88%        2x1d8     1%          1
 Freeze                   Ice            100%       1d10      1%          1
 Kiss of Death            Conj/Necr      88%        2d12      1%          1
 Magic Dart               Conj           100%       1d8       1%          1
 Cigotuvi's Dreadful Rot  Necr/Pois/Air  68%        N/A       1%          2
 Dazzling Flash           Conj/Hex       44%        N/A       1%          3
 Frozen Ramparts          Ice            100%       1d16      1%          3
 Hailstorm                Conj/Ice       52%        3d12      1%          3
 Ensorcelled Hibernation  Hex/Ice        66%        N/A       3%          2
 Ignite Poison            Fire/Tmut/Pois 13%        N/A       4%          3
 Volatile Blastmotes      Fire/Tloc      16%        2d11      6%          3
 Apportation              Tloc           16%        N/A       8%          1
 Slow                     Hex            32%        N/A       8%          1
 Call Imp                 Summ           16%        N/A       11%         2
 Jinxbite                 Hex            16%        N/A       11%         2
 Confusing Touch          Hex            8%         N/A       22%         3
 Sigil of Binding         Hex            8%         N/A       22%         3
 Vampiric Draining        Necr           8%         2d6       22%         3
 Anguish                  Hex/Necr       4%         N/A       58%         4
 Animate Dead             Necr           8%         N/A       58%         4
 Dispel Undead            Necr           8%         3d8       58%         4
 Plasma Beam              Fire/Air       20%        2x1d32    17%         6
 Maxwell's Capacitive Co  Air            32%        ∞         36%         8
 Starburst                Conj/Fire      11%        6d5       58%         6
 Alistair's Intoxication  Tmut/Pois      10%        N/A       73%         5
 Borgnjor's Vile Clutch   Necr/Erth      4%         N/A       90%         5
 Death Channel            Necr           4%         N/A       100%        6

Inventory:

Hand Weapons
 k - a +4 dagger of pain
 y - a +0 orcbow
 I - a +3 dagger of chaos
Armour
 a - a +0 robe (worn)
 l - a +0 pair of gloves (worn)
 v - a +0 cloak (worn)
Magical Staves
 z - a staff of conjuration {!a}
 B - a staff of cold (weapon) {!a}
Jewellery
 i - an amulet of magic regeneration (around neck)
 q - an amulet of faith {!P}
 C - a ring of protection from cold (left hand)
 F - a ring of fire
 N - a ring of positive energy
 R - a ring of resist corrosion
 W - a ring of willpower (right hand)
Wands
 n - a wand of polymorph (8)
 p - a wand of mindburst (9)
 r - a wand of digging (6)
 s - a wand of iceblast (8)
 G - a wand of quicksilver (5)
 M - a wand of charming (5)
Scrolls
 d - 3 scrolls of fog
 m - 3 scrolls of noise
 x - a scroll of enchant weapon
 D - 2 scrolls of amnesia
 H - a scroll of enchant armour
 L - a scroll of teleportation {@r2}
Potions
 b - 2 potions of magic
 c - a potion of cancellation
 e - 2 potions of enlightenment
 f - 3 potions of invisibility {unknown}
 g - 2 potions of degeneration
 h - 3 potions of curing {@q1}
 j - 3 potions of brilliance
 o - 3 potions of lignification
 t - a potion of attraction
 u - 2 potions of haste {unknown}
 w - 3 potions of might {unknown}
 E - a potion of heal wounds {unknown}
 J - a potion of mutation
 K - a potion of berserk rage {unknown}

Dungeon Overview and Level Annotations

Branches:
Dungeon (12/15)            Temple (1/1) D:6            Lair (0/5) D:9
    Orc (0/2) D:12

Altars:
Ashenzari
Cheibriados
Dithmenos
Elyvilon
Fedhas
Gozag
Hepliaklqana
Kikubaaqudgha
Makhleb
Nemelex Xobeh
Okawaru
Qazlal
Ru
Sif Muna
Trog
Uskayaw
Vehumet
Wu Jian
Xom
Yredelemnul
Zin
The Shining One

Shops:
D:11 :

Annotations:
D:6 exclusion: downstairs
D:12 exclusion: boulder beetle

.............
...........
.......>.#
$.......###
.......... .§§§§....
#§{§..... #@# . #.#
..#####.#
......§.#########
......§..........
#####☼§.......... .
#............
#..#####............
....................


There were no monsters in sight!


Message History

You are engulfed in freezing vapours.
You resist. Something draws life force from you!!
You miss something.
You hear the faint crackling of a melting archway nearby.
You are engulfed in freezing vapours.
You resist.
* * * LOW HITPOINT WARNING * * *
Something draws life force from you!
* * * LOW HITPOINT WARNING * * *
You closely miss something.
You are engulfed in freezing vapours.
You resist.
* * * LOW HITPOINT WARNING * * *
Something barely misses you. Something bites you.
* * * LOW HITPOINT WARNING * * *
Something draws strength from your injuries!
Unknown command.
Unknown command.
Casting: Freezing Cloud (dangerous; 2% risk of failure)
Confirm with . or Enter, or press ? or * to list all spells.
You can't see any susceptible monsters within range! (Use Z to cast anyway.) Unknown command.
Okay, then.
Okay, then.
Okay, then.
It was a potion of mutation.
You feel extremely strange.
You feel clever.
Your system partially rejects the healing effects of potions.
You feel a hidden potential growing inside you.
You are engulfed in freezing vapours.
You resist.
* * * LOW HITPOINT WARNING * * *
Something barely misses you. Something bites you.
You die...

Skill      XL: |  1  2  3  4  5  6  7  8  9 10 11 |
---------------+----------------------------------+-----
Air Magic      | 5 6 8 9 12 14 | 14.0
Conjurations   | 3 4 6 |  6.0
Spellcasting   | 3 4 5 6 7 |  7.3
Ice Magic      | 1 3 4 5 6 |  6.0
Fighting       | 5 8 9 |  9.0
Stealth        | 3 4 |  4.0
Evocations     | 2 4 |  4.0
Poison Magic   | 3 |  3.0
Dodging        | 3 |  3.5

Action                     |  1- 3 |  4- 6 |  7- 9 | 10-12 || total
---------------------------+-------+-------+-------+-------++-------
  Melee: Staff             |       |       |       |     5 ||     5
         Kick              |       |       |       |     1 ||     1
   Fire: Orcbow            |       |       |     2 |     1 ||     3
   Cast: Shock             |    86 |   102 |   161 |    14 ||   363
         Static Discharge  |     1 |     5 |    11 |    22 ||    39
         Swiftness         |       |     1 |     1 |       ||     2
         Airstrike         |       |       |    28 |   100 ||   128
         Freezing Cloud    |       |       |     2 |    40 ||    42
         Mephitic Cloud    |       |       |       |     7 ||     7
         Poisonous Vapours |       |       |       |     5 ||     5
    Use: Scroll            |       |       |    13 |     6 ||    19
         Potion            |       |       |       |     1 ||     1
 Armour: Robe              |    13 |    10 |    29 |    66 ||   118
  Dodge: Dodged            |    21 |    10 |    35 |    46 ||   112

Levels and vault maps discovered:
D:1:      lemuel_arrival_lava_pool, layout_basic, serial_bayou_lake_a
D:2:      layout_loops_ring
D:3:      layout_basic, mainiacjoe_overflow_24_doors, uniq_ijyb
D:4:      layout_rooms, minmay_vboxes, uniq_grinder
D:5:      layout_cave_pools, mainiacjoe_overflow_alcove_1
D:6:      layout_cave_pools, mainiacjoe_overflow_surrounded_room,
          minmay_temple_entry_antechambers, nicolae_houndstooth_variations
D:7:      layout_cave_pods, nicolae_dithmenos_the_darkroom
D:8:      layout_cave_pods
D:9:      layout_cave_pools, mainiacjoe_overflow_alcove_4, lair_entry_dummy,
          serial_column_ruins, column_ruins_corridor_dead_end,
          column_ruins_columns_straight, column_ruins_columns_straight,
          column_ruins_open_small, column_ruins_open_tiny, column_ruins_grid_3,
          grunt_ministairs_3, supply_closet_lemuel, uniq_grum
D:10:     minmay_slanted_spiral_squares, layout_small_grid,
          mainiacjoe_overflow_catwalk_spiral, uniq_lodul
D:11:     layout_loops_cross, serial_shops, nicolae_shop_real_fake_doors,
          trog_butcher_becter
D:12:     layout_long_grid, minmay_orc_entry_temple_small,
          portal_ice_cave_entry_imps, sword_in_stone, uniq_jorgrun
Temple:   hellmonk_temple_two_chambers

Notes
Turn   | Place    | Note
-------+----------+-------------------------------------------
     0 | D:1      | quinnr the Tengu Air Elementalist began the quest for the
                  | Orb.
     0 | D:1      | Reached XP level 1. HP: 10/10 MP: 4/4
   200 | D:1      | Reached XP level 2. HP: 12/15 MP: 3/6
   448 | D:1      | Reached skill level 5 in Air Magic
   869 | D:1      | Reached XP level 3. HP: 19/19 MP: 5/7
  1760 | D:2      | Reached skill level 6 in Air Magic
  1847 | D:2      | Learned a level 3 spell: Swiftness
  1850 | D:2      | Learned a level 2 spell: Static Discharge
  2277 | D:3      | Reached XP level 4. HP: 17/24 MP: 4/8
  2364 | D:3      | Noticed a black bear
  2511 | D:3      | Found a glowing silver altar of Zin.
  2521 | D:3      | Reached skill level 2 in Conjurations
  2588 | D:3      | Killed a black bear
  2589 | D:3      | Reached skill level 3 in Conjurations
  2589 | D:3      | Reached XP level 5. HP: 26/28 MP: 5/10
  2807 | D:3      | Noticed Ijyb
  2825 | D:3      | Killed Ijyb
  2826 | D:3      | Reached skill level 3 in Spellcasting
  2826 | D:3      | Reached skill level 7 in Air Magic
  3198 | D:4      | Noticed an ogre
  3206 | D:3      | Killed an ogre
  3207 | D:3      | Reached skill level 8 in Air Magic
  3207 | D:3      | Reached XP level 6. HP: 30/32 MP: 7/11
  3255 | D:4      | Noticed Grinder
  3306 | D:4      | Learned a level 5 spell: Freezing Cloud
  3394 | D:4      | Paralysed by Grinder for 3 turns
  3469 | D:5      | Entered Level 5 of the Dungeon
  3482 | D:5      | Reached skill level 1 in Ice Magic
  3514 | D:5      | Gained mutation: Your magical flight helps you evade
                  | attacks. (EV +4) [Tengu growth]
  3514 | D:5      | Reached XP level 7. HP: 36/36 MP: 8/12
  3816 | D:4      | Paralysed by Grinder for 4 turns
  3824 | D:4      | Killed Grinder
  3825 | D:4      | Reached skill level 4 in Conjurations
  3825 | D:4      | Reached skill level 2 in Ice Magic
  3825 | D:4      | Reached skill level 9 in Air Magic
  4246 | D:5      | Reached skill level 4 in Spellcasting
  4246 | D:5      | Reached skill level 3 in Ice Magic
  4246 | D:5      | Reached XP level 8. HP: 41/41 MP: 11/15
  4447 | D:5      | Found a blossoming altar of Fedhas.
  4635 | D:6      | Found a staircase to the Ecumenical Temple.
  4648 | Temple   | Entered the Ecumenical Temple
  4652 | Temple   | Became a worshipper of Vehumet
  4671 | D:6      | Reached skill level 4 in Ice Magic
  4671 | D:6      | Reached skill level 1 in Fighting
  4755 | D:6      | Found a shimmering blue altar of Sif Muna.
  4763 | D:6      | Reached skill level 2 in Fighting
  4810 | D:6      | Reached skill level 3 in Fighting
  4859 | D:6      | Reached skill level 4 in Fighting
  5197 | D:6      | Reached skill level 5 in Fighting
  5564 | D:7      | Noticed a wyvern
  5575 | D:7      | Killed a wyvern
  5576 | D:7      | Reached skill level 3 in Stealth
  5576 | D:7      | Reached XP level 9. HP: 25/54 MP: 12/16
  5700 | D:7      | Reached * piety under Vehumet
  5700 | D:7      | Offered knowledge of Sandblast by Vehumet.
  5801 | D:7      | Found a shadowy altar of Dithmenos.
  5880 | D:7      | Noticed a hornet
  5887 | D:7      | Learned a level 4 spell: Airstrike
  5889 | D:7      | Killed a hornet
  5896 | D:7      | Reached skill level 5 in Spellcasting
  5896 | D:7      | Reached skill level 10 in Air Magic
  6328 | D:8      | Noticed a gargoyle
  6330 | D:8      | Killed a gargoyle
  6331 | D:8      | Reached skill level 5 in Conjurations
  6456 | D:8      | Reached skill level 5 in Ice Magic
  6494 | D:8      | Reached skill level 6 in Conjurations
  6534 | D:8      | Reached skill level 11 in Air Magic
  6745 | D:8      | Noticed a two-headed ogre
  6762 | D:8      | Killed a two-headed ogre
  6763 | D:8      | Reached skill level 12 in Air Magic
  6763 | D:8      | Reached skill level 2 in Evocations
  6763 | D:8      | Reached XP level 10. HP: 59/59 MP: 5/18
  6810 | D:8      | Identified the +3 scale mail "Pesuos" {rPois Regen+ Str+3
                  | Int-4}
  6905 | D:8      | Reached skill level 3 in Evocations
  7148 | D:9      | Reached skill level 4 in Evocations
  7318 | D:9      | Noticed Grum
  7333 | D:9      | Killed Grum
  7333 | D:9      | Offered knowledge of Foxfire by Vehumet.
  7334 | D:9      | Reached skill level 6 in Fighting
  7357 | D:9      | Found a burning altar of Makhleb.
  7411 | D:9      | Reached ** piety under Vehumet
  7659 | D:9      | Found a staircase to the Lair.
  8166 | D:9      | Reached skill level 7 in Fighting
  8292 | D:10     | Entered Level 10 of the Dungeon
  8296 | D:10     | Found an opulent altar of Gozag.
  8321 | D:10     | Found a sacrificial altar of Ru.
  8483 | D:10     | Offered knowledge of Poisonous Vapours by Vehumet.
  8493 | D:10     | Learned a level 3 spell: Mephitic Cloud
  8717 | D:10     | Reached skill level 6 in Spellcasting
  8717 | D:10     | Reached skill level 6 in Ice Magic
  8755 | D:10     | Reached *** piety under Vehumet
  8770 | D:10     | Reached skill level 8 in Fighting
  8861 | D:10     | Noticed a gargoyle
  8868 | D:10     | Reached XP level 11. HP: 68/68 MP: 17/21
  9262 | D:10     | Reached skill level 9 in Fighting
  9265 | D:10     | Learned a level 2 spell: Poisonous Vapours
  9303 | D:10     | Noticed Lodul
  9599 | D:10     | Offered knowledge of Sticky Flame by Vehumet.
  9604 | D:10     | Killed Lodul
  9605 | D:10     | Reached skill level 1 in Poison Magic
  9659 | D:10     | Noticed an orc knight
  9667 | D:10     | Killed an orc knight
  9672 | D:10     | Reached skill level 7 in Spellcasting
  9794 | D:11     | Reached skill level 2 in Poison Magic
  9829 | D:11     | Noticed a cyclops
  9878 | D:11     | Killed a cyclops
  9984 | D:11     | Noticed a two-headed ogre
  9988 | D:11     | Killed a two-headed ogre
  9989 | D:11     | Reached skill level 13 in Air Magic
  9989 | D:11     | Reached skill level 3 in Poison Magic
 10345 | D:11     | Noticed a manticore
 10356 | D:11     | Killed a manticore
 10356 | D:11     | Reached **** piety under Vehumet
 10357 | D:11     | Reached skill level 14 in Air Magic
 10595 | D:11     | Found Xiziveg's Book Emporium.
 10600 | D:11     | Bought a book of Fire for 512 gold pieces
 10649 | D:11     | Found a bloodstained altar of Trog.
 10726 | D:11     | Reached skill level 3 in Dodging
 10777 | D:12     | Found a staircase to the Orcish Mines.
 10783 | D:12     | Noticed a boulder beetle
 10792 | D:12     | Noticed a green ugly thing
 10795 | D:12     | Killed a green ugly thing
 10801 | D:12     | Identified a scroll of acquirement
 10802 | D:12     | Acquired a staff of conjuration
 10812 | D:12     | Reached skill level 4 in Stealth
 10829 | D:12     | Gained mutation: Your mind is acute. (Int +4, Str/Dex -1)
                  | [potion of mutation]
 10829 | D:12     | Gained mutation: Potions are less effective at restoring
                  | your health. [potion of mutation]
 10829 | D:12     | Gained mutation: You have hidden genetic potential. [potion
                  | of mutation]
 10829 | D:12     | HP: 1/71 [cloud of freezing vapour (7)]
 10829 | D:12     | Slain by a vampire

Vanquished Creatures
  2 two-headed ogres
  Lodul (D:10)
  An orc knight (D:10)
  A manticore (D:11)
  An ugly thing (D:12)
  A cyclops (D:11)
  2 gargoyles
  2 unseen horrors
  A komodo dragon (D:12)
  A kobold demonologist (D:11)
  2 trolls
  Grinder (D:4)
  A hornet (D:7)
  A shadow (D:11)
  2 wyverns
  5 yaks (D:10)
  2 wraiths
  Grum (D:9)
  A steam dragon (D:7)
  A vampire mosquito (D:10)
  2 water moccasins
  5 orc warriors
  A black bear (D:3)
  A sky beast (shapeshifter) (D:10)
  A sky beast (D:8)
  3 ice beasts
  9 ogres
  3 wolves (D:9)
  3 centaurs
  6 kobold brigands
  A bullfrog (D:9)
  2 scorpions (D:11)
  11 wights
  13 killer bees
  6 howler monkeys
  5 hounds
  5 orc priests
  A jelly (D:7)
  A gnoll bouda (D:7)
  3 iguanas
  Ijyb (D:3)
  6 orc wizards
  7 gnolls
  5 adders
  A shadow imp (D:8)
  A white imp (D:8)
  3 worms
  3 dart slugs
  32 orcs
  8 ball pythons
  8 endoplasms
  3 giant cockroaches
  8 goblins
  5 hobgoblins
  8 jackals
  20 kobolds
  4 quokkas
  10 bats
  4 frilled lizards
  8 rats
257 creatures vanquished.

Table legend: (Time is in decaauts)
 A = Elapsed time spent in this place.
 B = Non-inter-level travel time spent in this place.
 C = Inter-level travel time spent in this place.
 D = Time resting spent in this place.
 E = Time spent auto-exploring this place.
 F = Levels seen in this place.
 G = Mean time per level.
                   A        B        C        D        E       F      G
               +--------+--------+--------+--------+--------+-----+--------+
         Total |  10863 |  10233 |    630 |    705 |   7756 |  13 |  835.6 |
       Dungeon |  10854 |  10228 |    626 |    705 |   7756 |  12 |  904.5 |
        Temple |      8 |      4 |      4 |      0 |      0 |   1 |    8.0 |
               +--------+--------+--------+--------+--------+-----+--------+

Top non-repeatable levels by time:
    D:10: 1481 daAuts
     D:1: 1290 daAuts
     D:9: 1084 daAuts
     D:2: 1073 daAuts
     D:3: 972 daAuts
    D:11: 961 daAuts
     D:8: 932 daAuts
     D:7: 909 daAuts
     D:6: 847 daAuts
     D:4: 791 daAuts
     D:5: 458 daAuts
    D:12: 52 daAuts
  Temple: 8 daAuts

Table legend:
 A = Non-vault XP
 B = Vault XP
 C = Vault XP percentage of total XP
 D = Non-vault monster count
 E = Vault monster count
 F = Vault count percentage of total count
                 A         B        C        D         E       F
            +---------+---------+-------+---------+---------+-------
      Total |   13129 |    5175 |  28.3 |     207 |      50 |  19.5
            +---------+---------+-------+---------+---------+-------
        D:1 |      41 |       0 |   0.0 |      24 |       0 |   0.0
        D:2 |      37 |       0 |   0.0 |      17 |       0 |   0.0
        D:3 |     318 |      36 |  10.2 |      25 |       1 |   3.8
        D:4 |     289 |     291 |  50.2 |      23 |       7 |  23.3
        D:5 |     269 |       0 |   0.0 |       6 |       0 |   0.0
        D:6 |     752 |       0 |   0.0 |      18 |       0 |   0.0
        D:7 |    1158 |       0 |   0.0 |      18 |       0 |   0.0
        D:8 |    1979 |       0 |   0.0 |      13 |       0 |   0.0
        D:9 |     698 |     907 |  56.5 |      18 |      16 |  47.1
       D:10 |    2856 |    3563 |  55.5 |      26 |      21 |  44.7
       D:11 |    3874 |     343 |   8.1 |      17 |       4 |  19.0
       D:12 |     858 |      35 |   3.9 |       2 |       1 |  33.3
            +---------+---------+-------+---------+---------+-------

Levels and vault maps discovered:
D:1:      lemuel_arrival_lava_pool, layout_basic, serial_bayou_lake_a
D:2:      layout_loops_ring
D:3:      layout_basic, mainiacjoe_overflow_24_doors, uniq_ijyb
D:4:      layout_rooms, minmay_vboxes, uniq_grinder
D:5:      layout_cave_pools, mainiacjoe_overflow_alcove_1
D:6:      layout_cave_pools, mainiacjoe_overflow_surrounded_room,
          minmay_temple_entry_antechambers, nicolae_houndstooth_variations
D:7:      layout_cave_pods, nicolae_dithmenos_the_darkroom
D:8:      layout_cave_pods
D:9:      layout_cave_pools, mainiacjoe_overflow_alcove_4, lair_entry_dummy,
          serial_column_ruins, column_ruins_corridor_dead_end,
          column_ruins_columns_straight, column_ruins_columns_straight,
          column_ruins_open_small, column_ruins_open_tiny, column_ruins_grid_3,
          grunt_ministairs_3, supply_closet_lemuel, uniq_grum
D:10:     minmay_slanted_spiral_squares, layout_small_grid,
          mainiacjoe_overflow_catwalk_spiral, uniq_lodul
D:11:     layout_loops_cross, serial_shops, nicolae_shop_real_fake_doors,
          trog_butcher_becter
D:12:     layout_long_grid, minmay_orc_entry_temple_small,
          portal_ice_cave_entry_imps, sword_in_stone, uniq_jorgrun
Temple:   hellmonk_temple_two_chambers
